 Dungeon Sprint DCSS version 0.28.0-45-g0d030f2227 (webtiles) character file.

Game seed: 14772650457488154974

10 McKennaii the Skirmisher (level 2, 0/26 HPs)
             Began as a Demigod Fighter on Apr 18, 2022.
             Slain by a water moccasin (5 damage)
             ... in the Dungeon (Sprint II: "The Violet Keep of Menkaure").
             The game lasted 00:00:22 (149 turns).

McKennaii the Skirmisher (Demigod Fighter)           Turns: 149, Time: 00:00:23

Health: 0/26       AC:  6    Str: 17    XL:     2   Next: 0%
Magic:  4/4        EV:  9    Int: 10    God:
Gold:   243        SH:  4    Dex: 13    Spells: 1/1 levels left

rFire   . . .      SeeInvis .   a - +0 trident
rCold   . . .      Faith    .   c - +0 buckler
rNeg    . . .      Spirit   .   b - +0 scale mail
rPois   .          Reflect  .   (no helmet)
rElec   .          Harm     .   (no cloak)
rCorr   .          Rampage  .   (no gloves)
Will    .....      NoTele   +   (no boots)
Stlth   ..........              (no amulet)
HPRegen 0.08/turn               (no ring)
MPRegen 0.09/turn               (no ring)

@: lethally poisoned (0 -> -5)
A: high MP 1, forlorn, divine attributes
a: no special abilities


You were in the Dungeon.
You visited 1 branch You collected 243 gold pieces.

Inventory:

Hand Weapons
 a - a +0 trident (weapon)
Armour
 b - a +0 scale mail (worn)
 c - a +0 buckler (worn)
Scrolls
 j - a scroll of blinking
Potions
 d - a potion of might
 f - a potion of heal wounds
 g - a potion of haste
 h - 2 potions of magic
 i - a potion of berserk rage


   Skills:
 + Level 3.5 Fighting
 + Level 2.8 Polearms
 + Level 3.5 Armour
 - Level 2.6 Shields


You had one spell level left.
You didn't know any spells.
Your spell library was empty.

Dungeon Overview and Level Annotations

Branches:
Dungeon (1/1)

Shops:
D [[::?*==[(![:![

Annotations:
D exclusion: oklob plant


Innate Abilities, Weirdness & Mutations

You have an increased reservoir of magic. (+10% MP)
You shall have no god before yourself.
Your divine heritage dramatically boosts your attributes as you level up.


Message History

You barely miss the water moccasin.
The water moccasin is moderately wounded.
You feel very sick. The water moccasin bites you! The water moccasin bites you.
* * * LOW HITPOINT WARNING * * *
You are too injured to fight recklessly!
You are too injured to fight recklessly!
You are too injured to fight recklessly!
You are too injured to fight recklessly!
You are too injured to fight recklessly!
You are too injured to fight recklessly!
You are too injured to fight recklessly!
You are too injured to fight recklessly!
You are too injured to fight recklessly!
You are too injured to fight recklessly!
You are too injured to fight recklessly!
You are too injured to fight recklessly!
You are too injured to fight recklessly!
You are too injured to fight recklessly!
You are too injured to fight recklessly!
You feel better.
The water moccasin bites you but does no damage.
The water moccasin barely misses you.
Unknown command.
You hit the water moccasin.
The water moccasin is moderately wounded.
The water moccasin bites you.
You are poisoned.
The water moccasin poisons you!
You hit the water moccasin but do no damage.
The water moccasin is moderately wounded.
* * * LOW HITPOINT WARNING * * *
You feel very sick. You block the water moccasin's attack.
The water moccasin bites you.
* * * LOW HITPOINT WARNING * * *
You hit the water moccasin.
The water moccasin is heavily wounded.
* * * LOW HITPOINT WARNING * * *
You feel sick. The water moccasin bites you.
You die...

##########≈≈#++
#########≈≈≈...
........#≈≈≈≈.#
...⌠....#≈≈≈≈#
..∩.∩...#≈≈≈≈
...∩.∩..#≈≈###
∩.∩.∩.∩.#≈##.###+#
.∩...∩.@#≈#...##.##
∩.....∩.S≈'##.'.<.+
.......∩#≈#.####.##
▓▓▓▓▓▓###≈##.# #+#
$HH######≈≈### (FH#
##≈≈


∩PF +#≈ (. ≈≈ ≈≈ You could see an oklob plant, 3 manticores, 2 cane toads and a
water moccasin.

Vanquished Creatures
  3 worms (D)
3 creatures vanquished.

Notes
Turn   | Place    | Note
-------+----------+-------------------------------------------
     0 | D        | McKennaii the Demigod Fighter began the quest for the Orb.
     0 | D        | Reached XP level 1. HP: 18/18 MP: 3/3
   125 | D        | Found Itoagon's Antique Armour Shop.
   126 | D        | Found Duopn's Distillery.
   126 | D        | Found Myop Byc's Distillery.
   126 | D        | Found Baorhad's Armour Shop.
   126 | D        | Found Rirase's Antique Armour Boutique.
   126 | D        | Found Wiveideo's Antique Weapon Boutique.
   126 | D        | Found Ystroleadd's Jewellery Shop.
   126 | D        | Found Vogaefuh's Jewellery Shop.
   133 | D        | Reached XP level 2. HP: 24/26 MP: 4/4
   137 | D        | Found Asmonn's General Store.
   137 | D        | Found Yhyhus's Magic Scroll Boutique.
   137 | D        | Noticed a manticore
   138 | D        | Found Erokith's Book Boutique.
   138 | D        | Noticed a manticore
   139 | D        | Found Obo Guap's Book Shop.
   139 | D        | Noticed a water moccasin
   139 | D        | Noticed a manticore
   139 | D        | Noticed an oklob plant
   140 | D        | Found Joepout's Armour Shop.
   140 | D        | Found Sebog's Antique Armour Boutique.
   140 | D        | Found Zaco's Book Shoppe.
   140 | D        | Noticed a cane toad
   140 | D        | Noticed a cane toad
   149 | D        | Slain by a water moccasin

Illustrated notes

Levels and vault maps discovered:
D:        the_violet_keep_of_menkaure [sprint2_stairs_cluster_1,
          sprint2_shoproom, sprint2_temple, sprint2_basic_supplies,
          sprint2_obstacle_7, sprint2_obstacle_4, sprint2_obstacle_5,
          sprint2_obstacle_1, sprint2_obstacle_6, sprint2_timed_cluster_1,
          sprint2_smallroom_cluster_1, sprint2_smallroom_final_cluster_1,
          sprint2_transparent_cluster_1, sprint2_second_timed_cluster_1,
          sprint2_sniper_area_1, sprint2_heavy_combat_area_1,
          sprint2_mutation_trap_area_1, sprint2_forest_area_1,
          sprint2_light_combat_area_1, sprint2_behind_water_1,
          sprint2_near_end_vault_1]

Skill      XL: |  1 |
---------------+----+-----
Fighting       | 3 |  3.5
Polearms       | 2 |  2.8
Armour         | 3 |  3.5
Shields        | |  2.6

Action                   || total
-------------------------++-------
Melee: Trident           ||    23
  Use: Potion            ||     1
Armor: Scale mail        ||     2
Dodge: Dodged            ||     4
Block: Buckler           ||     4
